cohdb
Replays
Latest Replays
All Replays
Popular Replays
Top Player Replays
Match Explorer
How It Works
Community
CoH3 Stats
Reddit
Sign in to upload your games and track your stats! →
Sign in with Steam
Match 34050510
Unlisted
Match 34050510
Overview
Messages
Build Orders
End
Construct Barracks
Riflemen Squad
Selects Special Operations Battlegroup
Riflemen Squad
Riflemen Squad
Grenade Package
Riflemen Squad
Infantry Support Center
Construct Motor Pool
M8 Greyhound Armored Car
Selects Raiding Flares
Selects SSF Commando Squad
SSF Commando Squad
Engineer Squad
Selects Air Re-supply Operation
Mortar Pit
SSF Commando Squad
Construct Tank Depot
Air Re-Supply Operation
M4A1 Sherman Medium Tank
Survival Training
Advanced Logistics
Selects M29 Weasel with M1 Pack Howitzer
Selects Mark Vehicle
Selects M29 Weasel with M1 Pack Howitzer
Selects P-47 Anti-Infantry Loiter
Selects UNKNOWN (2162291)
Air Re-Supply Operation
M18 Hellcat Tank Destroyer
AI Takeover
Triggler
k.twenty CZ
Bruistablet
MiskendTalent
0
0
Comments
sign in to comment!
No comments posted yet!